 Dungeon Crawl Stone Soup version 0.21.1-1-g345015fe64 (webtiles) character file.

46 Ivernyr the Charmwright (level 3, 0/28 HPs)
             Began as a Demonspawn Skald on Apr 30, 2018.
             Succumbed to a hobgoblin's poison
             ... on level 1 of the Dungeon.
             The game lasted 00:04:27 (1188 turns).

Ivernyr the Charmwright (Demonspawn Skald)          Turns: 1188, Time: 00:04:28

Health: 0/28       AC:  4    Str: 11    XL:     3   Next: 44%
Magic:  4/6        EV: 17    Int: 14    God:
Gold:   104        SH:  0    Dex: 18    Spells: 1/6 levels left

rFire    + . .     SeeInvis .   a - +0 falchion
rCold    . . .     Gourm    .   (no shield)
rNeg     . . .     Faith    .   b - +0 leather armour
rPois    .         Spirit   .   (no helmet)
rElec    .         Reflect  .   i - +0 cloak
rCorr    .         Harm     .   (no gloves)
MR       .....                  (no boots)
Stlth    ++........             (no amulet)
HPRegen  0.09/turn              (no ring)
MPRegen  0.10/turn              (no ring)

@: agile, lethally poisoned (0 -> -9), shrouded
A: fire resistance 1, powered by death 1
a: no special abilities


You were on level 1 of the Dungeon.
You were hungry.

You visited 1 branch of the dungeon, and saw 2 of its levels.

You collected 104 gold pieces.

Inventory:

Hand Weapons
 a - a +0 falchion (weapon)
Armour
 b - a +0 leather armour (worn)
 i - a +0 cloak (worn)
Scrolls
 f - a scroll of identify {unknown}
 g - a scroll of enchant armour {unknown}
 h - a scroll of remove curse {unknown}
Books
 c - a book of Battle

   Spells                             Type                      Level
   a - Infusion                       Charms                       1
   b - Shroud of Golubria             Charms/Translocation         2
   c - Song of Slaying                Charms                       2
   d - Spectral Weapon                Hexes/Charms                 3
   e - Regeneration                   Charms/Necromancy            3
Comestibles
 d - 2 rations
 j - 3 chunks of flesh


   Skills:
 + Level 2.4 Fighting
 + Level 2.2 Long Blades
 * Level 2.0 Armour
 - Level 1.7 Dodging
 - Level 2.0 Spellcasting
 + Level 3.0 Charms


You had one spell level left.
You knew the following spells:

 Your Spells              Type           Power        Failure   Level  Hunger
a - Shroud of Golubria    Chrm/Tloc      #.........   26%         2    ###....
b - Song of Slaying       Chrm           #.......     14%         2    ###....
c - Infusion              Chrm           #...         9%          1    ##.....


Dungeon Overview and Level Annotations

Branches:
Dungeon (2/15)

Altars:


Innate Abilities, Weirdness & Mutations

Your flesh is heat resistant. (rF+)
You regenerate a little health from kills.


Message History

The hobgoblin is moderately wounded.
* * * LOW HITPOINT WARNING * * *
You feel sick.
Your shroud bends the hobgoblin's attack away.
You hit the hobgoblin but do no damage.
The hobgoblin is moderately wounded.
* * * LOW HITPOINT WARNING * * *
You feel sick. The hobgoblin barely misses you.
You riposte.
You hit the hobgoblin but do no damage.
The hobgoblin is moderately wounded.
You hit the hobgoblin but do no damage.
The hobgoblin is moderately wounded.
* * * LOW HITPOINT WARNING * * *
You feel sick. The hobgoblin barely misses you.
You riposte.
You hit the hobgoblin but do no damage.
The hobgoblin is moderately wounded.
The hobgoblin misses you.
You hit the hobgoblin but do no damage.
The hobgoblin is moderately wounded.
You die...

≈≈≈≈.≈≈≈≈≈..# #.##...
≈.≈≈≈≈.≈≈≈≈.# #.#.### ≈≈
≈≈≈≈≈≈≈≈≈..# #.#.#.. ♣≈.
♣≈.≈♣ ♣≈..###.#.#.. ♣≈≈≈
♣≈≈≈♣ ♣≈..'.'.#.+..
♣≈≈≈♣♣♣≈≈≈♣♣♣≈≈####.#.#..
≈≈.≈≈≈≈≈≈≈≈≈≈≈.# #.#.#..
≈≈...≈≈≈g≈.≈.≈≈# #.#.###
##.....@)###### #.##...
##.....># #.#.###
#.......##### #..#...
.........)....# #.#####
#'##.....†)...# #...... .
#.####.....# ####### #.
#.....########### #.
#...............#
#.....#########..


You could see a hobgoblin.

Vanquished Creatures
  A gnoll (D:1)
  An adder (D:2)
  2 dart slugs (D:1)
  A leopard gecko (D:1)
  A giant cockroach (D:1)
  2 goblins
  4 hobgoblins
  3 bats (D:1)
  A frilled lizard (D:1)
  3 kobolds
  4 rats
23 creatures vanquished.

Notes
Turn   | Place    | Note
-------+----------+-------------------------------------------
     0 | D:1      | Ivernyr the Demonspawn Skald began the quest for the Orb.
     0 | D:1      | Reached XP level 1. HP: 16/16 MP: 3/3
    35 | D:1      | Reached skill level 1 in Armour
   253 | D:1      | Gained mutation: You regenerate a little health from kills. [demonic ancestry]
   253 | D:1      | Reached XP level 2. HP: 22/22 MP: 5/5
   280 | D:1      | You fall through a shaft!
   319 | D:2      | Learned a level 2 spell: Song of Slaying
   322 | D:2      | Learned a level 2 spell: Shroud of Golubria
   600 | D:1      | Gained mutation: Your flesh is heat resistant. (rF+) [demonic ancestry]
   600 | D:1      | Reached XP level 3. HP: 28/28 MP: 6/6
   845 | D:1      | Reached skill level 3 in Charms
  1187 | D:1      | HP: 1/28 [poisoned by a hobgoblin]
  1188 | D:1      | Succumbed to a hobgoblin's poison

Skill      XL: |  1  2  3 |
---------------+----------+-----
Armour         | 1 2 |  2.0
Long Blades    | 2 |  2.2
Charms         | 3 |  3.0
Fighting       | |  2.4
Dodging        | |  1.7
Spellcasting   | |  2.0

Action                   || total
-------------------------++-------
Melee: Falchion          ||   108
 Cast: Shroud of Golubri ||     9
  Use: Potion            ||     1
  Eat: Chunk             ||     1
Armor: Leather armour    ||    50
Dodge: Dodged            ||    67
       Rpst.: Falchion   ||    22
